 Dungeon Crawl Stone Soup version bcrawl-1.15.1-4-g77d781cab4 (webtiles) character file.

Game seed: 16994234853426068901

52 Gumption the Cudgeler (level 3, -1/29 HPs)
             Began as a Sand Dwarf Archaeologist on Oct 12, 2019.
             Slain by a sky beast (5 damage)
             ... on level 2 of the Dungeon.
             The game lasted 00:14:44 (1499 turns).

Gumption the Cudgeler (Sand Dwarf Archaeologist)    Turns: 1499, Time: 00:14:44

Health: -1/29      AC:  8    Str: 15    XL:     3   Next: 85%
Magic:  3/3        EV: 13    Int: 15    God:
Gold:   168        SH:  0    Dex:  9    Spells: 2/2 levels left

rFire    . . .     SeeInvis .   a - +0 whip
rCold    . . .     Gourm    .   (shield restricted)
rNeg     . . .     Faith    .   l - +0 ring mail
rPois    .         Spirit   .   c - +1 hat
rElec    .         Reflect  .   (no cloak)
rCorr    .         Harm     .   (no gloves)
MR       .....                  d - +1 pair of boots
Stlth    +.........             (no amulet)
HPRegen  0.09/turn              (no ring)
MPRegen  0.08/turn              (no ring)

@: studying Maces & Flails, slow
A: small, slowness 1, armour attunement
a: no special abilities


You were on level 2 of the Dungeon.
You were not hungry.

You visited 1 branch of the dungeon, and saw 2 of its levels.

You collected 168 gold pieces.

Inventory:

Hand Weapons
 a - a +0 whip (weapon)
 p - a +0 mace
Missiles
 i - 892 stones
 k - 511 poisoned needles
 o - 37 tomahawks (quivered)
Armour
 c - a +1 hat (worn)
 d - a +1 pair of boots (worn)
 l - a +0 ring mail (worn)
 u - a +0 plate armour
Scrolls
 b - a scroll of identify {unknown}
 n - 2 scrolls of remove curse {unknown}
 q - a scroll of blinking {unknown}
 s - a scroll of enchant weapon {unknown}
Potions
 h - a potion of mutation {unknown}
 j - 2 potions of heal wounds {unknown}
 m - a potion of cancellation {unknown}
 t - a potion of might {unknown}
Books
 e - a manual of Maces & Flails
Miscellaneous
 f - an ancient crate
Comestibles
 g - 4 rations {!d}
 r - a chunk of flesh


   Skills:
 + Level 2.3 Fighting
 * Level 4.4 Maces & Flails
 + Level 1.8 Armour
 - Level 2.4 Dodging
 - Level 2.4 Stealth


You had 2 spell levels left.
You didn't know any spells.
Your spell library was empty.

Dungeon Overview and Level Annotations

Branches:
Dungeon (2/12)

Altars:


Innate Abilities, Weirdness & Mutations

You are small and have problems with some larger weapons.
You cover ground slowly.
Armour does not affect your spellcasting.


Message History

The sky beast barely misses you.
You miss the sky beast.
The sky beast is lightly wounded.
The sky beast hits you but does no damage.
You completely miss the sky beast.
The sky beast is lightly wounded.
The sky beast hits you but does no damage.
You hit the sky beast.
The sky beast is moderately wounded.
You barely miss the sky beast.
The sky beast is moderately wounded.
The sky beast closely misses you.
You closely miss the sky beast.
The sky beast is moderately wounded.
The sky beast flickers out of sight!
Deactivating autopickup; reactivate with Ctrl-A.
Something hits you.
* * * LOW HITPOINT WARNING * * *
Something shocks you.
You die...

#.# .##. #.# #.# #.# #.
#.# #.# # #.# #.## #.#
#.# # #.# #... #.# #.# #
#########.# #..# #.# #.#
..........## ##..#
.#######...#.#...# # .#
#.....#. #{# # .#
#.#...#.. #@#####.# #
.#####.##.###.##.......#
.......##.# #...#######
..........# ##.##
.#####.#### #.# ..# .#
##.## #.# #.#
.####...#######.# #.#
......#.........# #.#
.####...######### #.#


There were no monsters in sight!

Vanquished Creatures
  4 worms (D:2)
  2 dart slugs (D:1)
  2 leopard geckos (D:1)
  3 bats
  4 giant cockroaches
  2 goblins (D:1)
  4 hobgoblins
  4 jackals (D:1)
  A quokka (D:2)
  2 frilled lizards
  3 kobolds
  A rat (D:2)
32 creatures vanquished.

Notes
Turn   | Place    | Note
-------+----------+-------------------------------------------
     0 | D:1      | Gumption the Sand Dwarf Archaeologist began the quest for
                  | the Orb.
     0 | D:1      | Reached XP level 1. HP: 16/16 MP: 1/1
    81 | D:1      | Reached skill level 2 in Maces & Flails
   211 | D:1      | Reached XP level 2. HP: 23/23 MP: 2/2
   534 | D:1      | Reached skill level 1 in Armour
   657 | D:1      | Reached skill level 3 in Maces & Flails
   748 | D:1      | Reached XP level 3. HP: 29/29 MP: 3/3
  1156 | D:2      | Reached skill level 4 in Maces & Flails
  1462 | D:2      | Noticed a sky beast
  1499 | D:2      | Slain by a sky beast

Skill      XL: |  1  2  3 |
---------------+----------+-----
Maces & Flails | 2 3 4 |  4.4
Armour         | 1 |  1.8
Fighting       | 2 |  2.3
Dodging        | |  2.4
Stealth        | |  2.4

Action                   || total
-------------------------++-------
Melee: Whip              ||   190
Throw: Tomahawk          ||    29
  Eat: Chunk             ||     3
Armor: Ring mail         ||    58
Dodge: Dodged            ||   118
